 Dungeon Crawl Stone Soup version 0.30-a0-313-gae38170b09 (webtiles) character file.

Game seed: 4343107937662440619

732 funkygono the Firebug (level 7, -5/37 HPs)
             Began as a Gargoyle Fire Elementalist on Oct 26, 2022.
             Was an Initiate of Vehumet.
             Slain by an ogre
             ... wielding a +0 giant club
              (11 damage)
             ... on level 5 of the Dungeon.
             The game lasted 00:05:55 (4654 turns).

funkygono the Firebug (Gargoyle Fire Elementalist)  Turns: 4654, Time: 00:05:55

Health: -5/37      AC:  8    Str: 12    XL:     7   Next: 73%
Magic:  11/14      EV: 12    Int: 17    God:    Vehumet [......]
Gold:   185        SH:  0    Dex: 10    Spells: 6/16 levels left

rFire   + . .      SeeInvis .    i - +0 mace (spect)
rCold   + . .      Faith    .    (no shield)
rNeg    + . .      Spirit   .    a - +0 robe
rPois   ∞          Reflect  .    (no helmet)
rElec   +          Harm     .    (no cloak)
rCorr   .          Rampage  .    A - +0 pair of gloves
Will    .....                    w - +0 pair of boots
Stlth   ++........               (no amulet)
HPRegen 0.26/turn                e - ring of protection from fire
MPRegen 0.14/turn                d - ring of protection from cold

@: no status effects
A: sickness immunity, AC +4, negative energy resistance 1, electricity
resistance, torment resistance 1, petrification resistance
a: Renounce Religion


You were on level 5 of the Dungeon.
You worshipped Vehumet.
Vehumet was noncommittal.
You visited 1 branch of the dungeon, and saw 5 of its levels.

You collected 185 gold pieces.

Inventory:

Hand Weapons
 i - a +0 spectral mace (weapon)
 l - a +0 whip
Armour
 a - a +0 robe (worn)
 c - a +0 crystal plate armour
 s - a +2 scale mail of cold resistance
 w - a +0 pair of boots (worn)
 A - a +0 pair of gloves (worn)
Jewellery
 d - a ring of protection from cold (right hand)
 e - a ring of protection from fire (left hand)
 u - an amulet of guardian spirit
Wands
 v - a wand of polymorph (12)
 y - a wand of flame (26)
Scrolls
 f - a scroll of poison
 g - a scroll of amnesia
 m - a scroll of identify
 p - a scroll of teleportation
Potions
 b - a potion of magic
 h - 3 potions of berserk rage
 j - 2 potions of curing
 k - a potion of cancellation {unknown}
 n - a potion of attraction {unknown}
 o - a potion of brilliance {unknown}
 q - 2 potions of flight {unknown}
 r - a potion of ambrosia {unknown}
 z - a potion of mutation {unknown}


   Skills:
 + Level 0.6 Fighting
 + Level 0.3 Maces & Flails
 + Level 2.1 Dodging
 - Level 2.1 Stealth
 * Level 5.1 Spellcasting
 * Level 3.5 Conjurations
 * Level 5.8 Fire Magic


You had 6 spell levels left.
You knew the following spells:

 Your Spells              Type           Power      Damage    Failure   Level
a - Foxfire               Conj/Fire      80%        2x1d8     1%          1
b - Scorch                Fire           48%        2d7       1%          2
c - Kindle Blastsparks    Fire/Tloc/Air  22%        2d11      19%         3
d - Flame Wave            Conj/Fire      20%        2d7       21%         4

Your spell library contained the following spells:

 Spells                   Type           Power      Damage    Failure   Level
 Inner Flame              Hex/Fire       14%        N/A       13%         3
 Freeze                   Ice            16%        1d4       14%         1
 Dazzling Flash           Conj/Hex       20%        N/A       21%         3
 Hailstorm                Conj/Ice       10%        3d5       21%         3
 Call Canine Familiar     Summ           4%         N/A       38%         3
 Frozen Ramparts          Ice            8%         1d2       38%         3
 Portal Projectile        Hex/Tloc       8%         N/A       38%         3
 Iskenderun's Mystic Bla  Conj/Tloc      10%        2d4       56%         4
 Leda's Liquefaction      Hex/Erth       2%         N/A       80%         4
 Starburst                Conj/Fire      10%        6d5       97%         6


Dungeon Overview and Level Annotations

Branches:
Dungeon (5/15)
 Temple: D:4-7

Altars:
Nemelex Xobeh
Qazlal
Vehumet
Zin


Innate Abilities, Weirdness & Mutations

You are immune to sickness and miasma.
Your stone body is resilient. (AC +4)
You are immune to poison.
You resist negative energy. (rN+)
You are resistant to electric shocks. (rElec)
You are resistant to unholy torment.
You are immune to petrification.


Message History

HP restored.
m - a scroll of identify
r - a smoky red potion
Found an escape hatch in the ceiling.
Found a stone staircase leading down.
You now have 174 gold pieces (gained 13).
You now have 185 gold pieces (gained 11).
An orc and an ogre come into view.
The ogre shouts!
Casting: Foxfire (safe; 1% risk of failure)
Confirm with . or Enter, or press ? or * to list all spells.
You conjure some foxfire!
The orc shouts!
Casting: Foxfire (safe; 1% risk of failure)
Confirm with . or Enter, or press ? or * to list all spells.
Flames lash the ogre.
The ogre is moderately wounded.
The ogre's fire resistance burns away.
The foxfire hits the ogre.
The ogre is burned terribly!
The ogre is heavily wounded.
The ogre attacks as you move away! The ogre closely misses you.
Your foxfire dissipates!
The ogre attacks as you move away!
The ogre hits you with a +0 giant club!!
Ouch! That really hurt!
* * * LOW HITPOINT WARNING * * *
The ogre is no longer more vulnerable to fire.
Casting: Scorch (safe; 1% risk of failure)
Confirm with . or Enter, or press ? or * to list all spells.
You conjure some foxfire!
Casting: Foxfire (safe; 1% risk of failure)
Confirm with . or Enter, or press ? or * to list all spells.
Okay, then.
The ogre attacks as you move away! The ogre closely misses you.
The foxfire hits the ogre.
The ogre is severely wounded.
The foxfire hits the ogre!
The ogre is almost dead.
The ogre hits you with a +0 giant club!
You die...

#.......# #.#
###.#.#.## #.# ♣.♣♣
.........# #.# ♣...♣
###.#.#.## #.# ....♣
#.......###.# ....
#.#.#.#.#....### #..#
#.#............# ...#
.............#.###>.#
#.#########.....@.§.###
# #......O....#
#.##.###o##.#
#.##.##..# .#
#.##.##.## #.##.##.#
#<##.##^...o... #.
..##........
.###..$.....


You could see an ogre and an orc.

Vanquished Creatures
  Sigmund (D:3)
  An ogre (D:5)
  A phantom (D:3)
  A necrophage (D:5)
  2 hounds
  Jessica (D:2)
  Terence (D:3)
  Natasha (thrice) (D:3)
  5 adders
  3 gnolls (D:4)
  A worm (D:2)
  4 dart slugs
  An orc (D:4)
  12 endoplasms
  4 giant cockroaches
  8 goblins
  7 hobgoblins
  3 quokkas
  6 ball pythons
  7 bats
  2 frilled lizards (D:2)
  12 kobolds
  10 rats
96 creatures vanquished.

Vanquished Creatures (others)
  241 foxfires
241 creatures vanquished.

Grand Total: 337 creatures vanquished

Notes
Turn   | Place    | Note
-------+----------+-------------------------------------------
     0 | D:1      | funkygono the Gargoyle Fire Elementalist began the quest
                  | for the Orb.
     0 | D:1      | Reached XP level 1. HP: 10/10 MP: 3/3
   153 | D:1      | Reached XP level 2. HP: 15/15 MP: 1/5
   156 | D:1      | Learned a level 2 spell: Scorch
   612 | D:1      | Reached XP level 3. HP: 19/19 MP: 4/6
   616 | D:1      | Learned a level 3 spell: Kindle Blastsparks
  1345 | D:2      | Noticed Jessica
  1348 | D:2      | Killed Jessica
  1349 | D:2      | Reached XP level 4. HP: 24/24 MP: 3/7
  1387 | D:2      | Found a faded altar of an unknown god.
  2419 | D:3      | Found a sparkling altar of Nemelex Xobeh.
  2429 | D:3      | Reached XP level 5. HP: 28/28 MP: 3/9
  2659 | D:3      | Noticed a phantom
  2663 | D:3      | Killed a phantom
  2727 | D:3      | Noticed Terence
  2738 | D:3      | Killed Terence
  2739 | D:3      | Reached XP level 6. HP: 19/33 MP: 0/11
  3031 | D:3      | Noticed Natasha
  3036 | D:3      | Killed Natasha
  3116 | D:3      | Noticed Sigmund
  3170 | D:3      | Noticed Natasha
  3176 | D:3      | Killed Natasha
  3177 | D:3      | Reached skill level 5 in Fire Magic
  3267 | D:3      | Killed Sigmund
  3268 | D:3      | Reached XP level 7. HP: 37/37 MP: 7/13
  3609 | D:3      | Noticed Natasha
  3613 | D:3      | Killed Natasha
  3672 | D:4      | Learned a level 4 spell: Flame Wave
  3748 | D:4      | Found a stormy altar of Qazlal.
  3937 | D:4      | Found a radiant altar of Vehumet.
  3954 | D:4      | Became a worshipper of Vehumet
  4106 | D:4      | Found a glowing silver altar of Zin.
  4107 | D:4      | Noticed an angel
  4403 | D:5      | Entered Level 5 of the Dungeon
  4500 | D:5      | Reached skill level 5 in Spellcasting
  4654 | D:5      | Slain by an ogre

Illustrated notes

Levels and vault maps discovered:
D:1:      dpeg_arrival_snail, layout_basic
D:2:      layout_basic, nicolae_ecumenical_lake_church, uniq_jessica
D:3:      layout_basic, nemelex_xobeh_ov_fountains_minmay, uniq_terence,
          uniq_natasha, uniq_sigmund
D:4:      layout_basic, overflow_temple_1_default, zin_angel,
          vehumet_altar_wand_db
D:5:      layout_loops_ring, old_standard_altar, minmay_temple_entry_overgrown,
          st_stairs_12, uniq_crazy_yiuf_cottage, uniq_duvessa

Skill      XL: |  1  2  3  4  5  6  7 |
---------------+----------------------+-----
Conjurations   | 2 3 |  3.5
Fire Magic     | 4 5 |  5.8
Dodging        | 2 |  2.1
Spellcasting   | 3 4 5 |  5.1
Fighting       | |  0.6
Maces & Flails | |  0.3
Stealth        | |  2.1

Action                   |  1- 3 |  4- 6 |  7- 9 || total
-------------------------+-------+-------+-------++-------
Melee: Unarmed           |    10 |       |       ||    10
       Club              |     5 |       |       ||     5
       Mace              |     8 |    10 |     4 ||    22
 Cast: Foxfire           |    52 |    47 |    43 ||   142
       Scorch            |     2 |    14 |     8 ||    24
  Use: Scroll            |       |       |    10 ||    10
 Stab: Sleeping          |     1 |       |       ||     1
Armor: Robe              |    10 |     6 |     1 ||    17
Dodge: Dodged            |    10 |    14 |     6 ||    30

Table legend: (Time is in decaauts)
 A = Elapsed time spent in this place.
 B = Non-inter-level travel time spent in this place.
 C = Inter-level travel time spent in this place.
 D = Time resting spent in this place.
 E = Time spent auto-exploring this place.
 F = Levels seen in this place.
 G = Mean time per level.
                   A        B        C        D        E       F      G
               +--------+--------+--------+--------+--------+-----+--------+
         Total |   4663 |   4518 |    145 |    117 |   3704 |   5 |  932.6 |
       Dungeon |   4663 |   4518 |    145 |    117 |   3704 |   5 |  932.6 |
               +--------+--------+--------+--------+--------+-----+--------+

Top non-repeatable levels by time:
     D:2: 1334 daAuts
     D:3: 1301 daAuts
     D:1: 1028 daAuts
     D:4: 749 daAuts
     D:5: 250 daAuts
